 Dungeon Crawl Stone Soup version 0.25-a0-404-gc1b5a34292 (webtiles) character file.

Game seed: 9867737017720762060, levelgen mode: deterministic

3533 Jerej03 the Fighter (level 10, -9/80 HPs)
             Began as a Gnoll Wanderer on Jan 11, 2020.
             Was an Elder of Lugonu.
             Mangled by Harold
             ... wielding a +2 trident of venom
              (15 damage)
             ... on level 7 of the Dungeon.
             The game lasted 00:54:35 (5953 turns).

Jerej03 the Fighter (Gnoll Wanderer)                Turns: 5953, Time: 00:54:36

Health: -9/80      AC: 11    Str: 17      XL:     10   Next: 8%
Magic:  18/18      EV:  7    Int: 20      God:    Lugonu [****..]
Gold:   547        SH:  0    Dex: 14 (16) Spells: 12/20 levels left

rFire    . . .     SeeInvis .   G - +2 whip (elec)
rCold    . . .     Gourm    .   (no shield)
rNeg     . . .     Faith    .   A - +1 chain mail
rPois    .         Spirit   .   (no helmet)
rElec    .         Reflect  .   i - +0 cloak
rCorr    .         Harm     .   p - +0 pair of gloves
MR       .....                  (no boots)
Stlth    ..........             (no amulet)
HPRegen  0.23/turn              x - +2 ring of intelligence
MPRegen  0.16/turn              (no ring)

@: lethally poisoned (-9 -> -30), marked, very heavily drained
A: distributed training, fangs 1, thin skeletal structure 1, blink, frail 1,
strong 1, evolution 1, strong nose
a: Blink, Depart the Abyss, Bend Space, Banish, Corrupt, Renounce Religion


You were on level 7 of the Dungeon.
You worshipped Lugonu.
Lugonu was greatly pleased with you.
You were not hungry.

You visited 2 branches of the dungeon, and saw 8 of its levels.
You also visited: Ossuary.

You collected 547 gold pieces.

Inventory:

Hand Weapons
 a - a +3 hand crossbow
 e - a +0 hunting sling
 l - a +1 dagger of protection
 u - a +2 shortbow of freezing
 D - a +0 vampiric trident
 G - a +2 whip of electrocution (weapon)
Missiles
 b - 83 bolts
 g - 101 sling bullets
 n - 118 stones (quivered)
 r - 15 poisoned darts
 C - 36 arrows
Armour
 i - a +0 cloak (worn)
 p - a +0 pair of gloves (worn)
 A - a +1 chain mail (worn)
Jewellery
 x - a +2 ring of intelligence (left hand)
 H - an uncursed amulet of regeneration
Wands
 h - a wand of digging (4)
 q - a wand of acid (12)
 s - a wand of iceblast (13)
Scrolls
 j - 7 scrolls of identify
 m - 2 scrolls of fear
 t - 6 scrolls of teleportation
 v - 2 scrolls of magic mapping
 y - a scroll of blinking
 z - 2 scrolls of remove curse
 E - 2 scrolls of amnesia
Potions
 c - 2 potions of lignification
 d - 3 potions of curing
 k - a potion of brilliance
 o - 3 potions of agility
 w - a potion of ambrosia
 B - a potion of flight
 F - a potion of resistance
Comestibles
 f - 10 rations


   Skills:
 + Level 11.7(7.0) Fighting
 + Level 5.7(1.7) Short Blades
 + Level 5.7(1.7) Long Blades
 + Level 5.7(1.7) Axes
 + Level 5.7(1.7) Maces & Flails
 + Level 5.7(1.7) Polearms
 + Level 5.7(1.7) Staves
 + Level 5.7(1.7) Slings
 + Level 6.3(2.2) Bows
 + Level 7.4(3.2) Crossbows
 + Level 5.7(1.7) Throwing
 + Level 5.7(1.7) Armour
 + Level 5.7(1.7) Dodging
 + Level 5.7(1.7) Stealth
 + Level 6.3(2.2) Shields
 + Level 5.7(1.7) Unarmed Combat
 + Level 5.7(1.7) Spellcasting
 + Level 4.7(0.8) Conjurations
 + Level 4.7(0.8) Hexes
 + Level 4.7(0.8) Charms
 + Level 4.7(0.8) Summonings
 + Level 4.7(0.8) Necromancy
 + Level 4.7(0.8) Translocations
 + Level 4.7(0.8) Transmutations
 + Level 4.7(0.8) Fire Magic
 + Level 4.7(0.8) Ice Magic
 + Level 4.7(0.8) Air Magic
 + Level 4.7(0.8) Earth Magic
 + Level 4.7(0.8) Poison Magic
 + Level 6.3(2.2) Invocations
 + Level 6.3(2.2) Evocations


You had 12 spell levels left.
You knew the following spells:

 Your Spells              Type           Power        Failure   Level  Hunger
a - Ensorcelled Hibernat  Hex/Ice        #.....       96%         2    ###....
b - Confusing Touch       Hex            #.......     99%         3    ###....
c - Dazzling Flash        Conj/Hex       #.....       99%         3    ###....

Your spell library contained the following spells:

 Spells                   Type           Power        Failure   Level  Hunger
 Corona                   Hex            #......      88%         1    #......
 Tukima's Dance           Hex            #.......     99%         3    ###....


Dungeon Overview and Level Annotations

Branches:
Dungeon (7/15)             Temple (1/1) D:4         Ossuary (visited)

Altars:
Ashenzari
Cheibriados
Dithmenos
Elyvilon
Fedhas
Gozag
Hepliaklqana
Kikubaaqudgha
Nemelex Xobeh
Okawaru
Ru
Sif Muna
Trog
Uskayaw
Vehumet
Wu Jian
Xom
Yredelemnul
Zin
The Shining One
Lugonu

Annotations:
D:6 Prince Ribbit
D:7 Harold


Innate Abilities, Weirdness & Mutations

Your experience applies equally to all skills.
You have very sharp teeth.
Your uncanny sense of smell can sniff out nearby items.
You have a somewhat thin skeletal structure. (Dex +2, Stealth)
You can translocate small distances at will.
You are frail. (-10% HP)
Your muscles are strong. (Str +2)
You evolve.


Message History

* * * LOW HITPOINT WARNING * * *
You are more poisoned.
You hit Harold. Lightning courses through Harold!!
Harold is moderately wounded.
You feel sick.
Harold considers, "I think I'll use your bounty to get a fishing boat..."
Harold gestures at you while chanting. The mark upon you grows brighter.
You hit Harold but do no damage. Lightning courses through Harold!
Harold is heavily wounded.
You feel sick.
Harold hits you with a +2 trident of venom!
* * * LOW HITPOINT WARNING * * *
You are more poisoned.
You hit Harold but do no damage. Lightning courses through Harold!
Harold is severely wounded.
* * * LOW HITPOINT WARNING * * *
You feel sick.
Harold hits you with a +2 trident of venom!
You die...

... ... ..# .. #.# ..
#.# ###..## #.# ......#
#@# # #..#.###@##.#.## .
####..#.#.)........
..####................##
...........#.#.######
.........).#.#
#...........#
######.......#####
...)).......##
########...##


You could see Harold.

Vanquished Creatures
  Eustachio (D:4)
  Edmund (D:6)
  Duvessa (D:6)
  A water moccasin (D:5)
  2 sky beasts
  An ice beast (D:7)
  A phantom (D:5)
  A centaur (D:6)
  3 bullfrogs (D:6)
  A gnoll sergeant (D:6)
  Dowan (D:6)
  2 scorpions (D:6)
  A bullfrog zombie (D:6)
  A howler monkey (D:4)
  A crimson imp (D:5)
  A quasit (D:6)
  5 hounds
  A jelly (D:5)
  2 bullfrog skeletons (D:6)
  3 orc priests
  5 orc wizards
  Natasha (twice) (D:3)
  Ijyb (D:5)
  2 centaur skeletons (D:7)
  5 worker ants
  8 mummies (Ossuary)
  A howler monkey zombie (D:6)
  11 adders
  3 gnolls (D:2)
  An ooze (D:2)
  2 adder skeletons
  A worm (D:3)
  5 dart slugs
  5 leopard geckos
  18 orcs
  4 bats
  4 giant cockroaches
  8 goblins
  8 hobgoblins
  7 jackals
  3 quokkas
  2 ball pythons
  A ball python skeleton (D:3)
  4 frilled lizards
  2 gnoll zombies (Ossuary)
  A hobgoblin zombie (Ossuary)
  10 kobolds
  2 kobold zombies (Ossuary)
  3 orc zombies (Ossuary)
  2 quokka skeletons (D:4)
  7 rats
169 creatures vanquished.

Notes
Turn   | Place    | Note
-------+----------+-------------------------------------------
     0 | D:1      | Reached skill level 10 in Fighting
     0 | D:1      | Jerej03 the Gnoll Wanderer began the quest for the Orb.
     0 | D:1      | Jerej03 set off with the following items: a +2 hand
                  | crossbow, 27 bolts, a potion of lignification, a potion of
                  | curing, a +0 robe, a ration
     0 | D:1      | Reached XP level 1. HP: 28/28 MP: 2/2
   209 | D:1      | Reached XP level 2. HP: 36/36 MP: 3/3
   485 | D:1      | Reached XP level 3. HP: 41/42 MP: 4/4
   738 | D:2      | Reached skill level 1 in Invocations
   757 | D:2      | Reached skill level 1 in Short Blades
   757 | D:2      | Reached skill level 1 in Long Blades
   757 | D:2      | Reached skill level 1 in Axes
   757 | D:2      | Reached skill level 1 in Maces & Flails
   757 | D:2      | Reached skill level 1 in Polearms
   757 | D:2      | Reached skill level 1 in Staves
   757 | D:2      | Reached skill level 1 in Slings
   757 | D:2      | Reached skill level 1 in Throwing
   757 | D:2      | Reached skill level 1 in Armour
   757 | D:2      | Reached skill level 1 in Dodging
   757 | D:2      | Reached skill level 1 in Stealth
   757 | D:2      | Reached skill level 1 in Unarmed Combat
   757 | D:2      | Reached skill level 1 in Spellcasting
   784 | D:2      | Reached XP level 4. HP: 45/48 MP: 6/6
   799 | D:2      | Reached skill level 1 in Conjurations
   799 | D:2      | Reached skill level 1 in Hexes
   799 | D:2      | Reached skill level 1 in Charms
   799 | D:2      | Reached skill level 1 in Summonings
   799 | D:2      | Reached skill level 1 in Necromancy
   799 | D:2      | Reached skill level 1 in Translocations
   799 | D:2      | Reached skill level 1 in Transmutations
   799 | D:2      | Reached skill level 1 in Fire Magic
   799 | D:2      | Reached skill level 1 in Ice Magic
   799 | D:2      | Reached skill level 1 in Air Magic
   799 | D:2      | Reached skill level 1 in Earth Magic
   799 | D:2      | Reached skill level 1 in Poison Magic
   902 | D:2      | Reached XP level 5. HP: 54/54 MP: 7/7
  1933 | D:3      | Found a faded altar of an unknown god.
  1935 | D:3      | Became a worshipper of Lugonu the Unformed
  1935 | D:3      | Reached * piety under Lugonu
  1935 | D:3      | Reached ** piety under Lugonu
  2057 | D:3      | Noticed Natasha
  2071 | D:3      | Killed Natasha
  2071 | D:3      | Reached XP level 6. HP: 44/61 MP: 8/8
  2181 | D:3      | Noticed Natasha
  2185 | D:3      | Killed Natasha
  2206 | D:4      | Noticed Eustachio
  2249 | D:4      | Killed Eustachio
  2249 | D:4      | Reached skill level 5 in Crossbows
  2305 | D:4      | Reached XP level 7. HP: 32/67 MP: 10/10
  2320 | D:4      | Found a staircase to the Ecumenical Temple.
  2428 | Temple   | Entered the Ecumenical Temple
  3272 | D:5      | Entered Level 5 of the Dungeon
  3370 | D:5      | Gained mutation: You have large cloven feet. [potion of
                  | mutation]
  3370 | D:5      | Gained mutation: You have a somewhat thin skeletal
                  | structure. (Dex +2, Stealth) [potion of mutation]
  3370 | D:5      | Gained mutation: You possess an exceptional clarity of
                  | mind. [potion of mutation]
  3371 | D:5      | Lost mutation: You have large cloven feet. [potion of
                  | mutation]
  3371 | D:5      | Gained mutation: You are clumsy. (Dex -2) [potion of
                  | mutation]
  3371 | D:5      | Gained mutation: You expend magic power (3 MP) to
                  | strengthen your wands. [potion of mutation]
  3385 | D:5      | Found a sand-covered staircase.
  3390 | Ossuary  | Entered an ossuary
  3398 | Ossuary  | Reached *** piety under Lugonu
  3706 | Ossuary  | Lost mutation: You expend magic power (3 MP) to strengthen
                  | your wands. [potion of mutation]
  3706 | Ossuary  | Lost mutation: You are clumsy. (Dex -2) [potion of
                  | mutation]
  3706 | Ossuary  | Lost mutation: You possess an exceptional clarity of mind.
                  | [potion of mutation]
  3706 | Ossuary  | Gained mutation: You are frail. (-10% HP) [potion of
                  | mutation]
  3706 | Ossuary  | Gained mutation: Your muscles are strong. (Str +2) [potion
                  | of mutation]
  3706 | Ossuary  | Gained mutation: You can translocate small distances at
                  | will. [potion of mutation]
  3706 | Ossuary  | Gained mutation: You evolve. [potion of mutation]
  3780 | D:5      | Learned a level 2 spell: Ensorcelled Hibernation
  3784 | D:5      | Learned a level 3 spell: Confusing Touch
  3788 | D:5      | Learned a level 3 spell: Dazzling Flash
  3810 | D:5      | Reached XP level 8. HP: 66/66 MP: 2/12
  4005 | D:5      | Reached skill level 11 in Fighting
  4005 | D:5      | Reached skill level 5 in Short Blades
  4005 | D:5      | Reached skill level 5 in Long Blades
  4005 | D:5      | Reached skill level 5 in Axes
  4005 | D:5      | Reached skill level 5 in Maces & Flails
  4005 | D:5      | Reached skill level 5 in Polearms
  4005 | D:5      | Reached skill level 5 in Staves
  4005 | D:5      | Reached skill level 5 in Slings
  4005 | D:5      | Reached skill level 5 in Throwing
  4005 | D:5      | Reached skill level 5 in Armour
  4005 | D:5      | Reached skill level 5 in Dodging
  4005 | D:5      | Reached skill level 5 in Stealth
  4005 | D:5      | Reached skill level 5 in Unarmed Combat
  4005 | D:5      | Reached skill level 5 in Spellcasting
  4005 | D:5      | Reached skill level 5 in Invocations
  4005 | D:5      | Reached XP level 9. HP: 72/72 MP: 12/17
  4201 | D:5      | Noticed Ijyb
  4231 | D:5      | Killed Ijyb
  4590 | D:6      | Noticed Duvessa
  4606 | D:6      | Killed Duvessa
  4607 | D:6      | Noticed Dowan
  4619 | D:6      | Killed Dowan
  5001 | D:6      | Noticed Edmund
  5050 | D:6      | Killed Edmund
  5050 | D:6      | Reached **** piety under Lugonu
  5302 | D:6      | Noticed Prince Ribbit
  5711 | D:7      | Reached XP level 10. HP: 62/80 MP: 18/18
  5938 | D:7      | Noticed Harold
  5953 | D:7      | Mangled by Harold

Levels and vault maps discovered:
D:1:      nicolae_arrival_memento_mori, layout_basic
D:2:      layout_loops_ring, columned_hall_lemuel
D:3:      layout_loops_cross, chequers_ecumenical_altar_twisty, uniq_natasha
D:4:      layout_loops_ring, minmay_temple_entry_waves, first_ration,
          uniq_eustachio
D:5:      layout_basic, enter_ossuary_2, uniq_ijyb
D:6:      layout_loops_cross, minmay_joined_circles, uniq_prince_ribbit1,
          uniq_edmund, uniq_duvessa
D:7:      layout_loops_ring, uniq_harold
Temple:   regret_index_temple_chain_breaker

Skill      XL: |  1  2  3  4  5  6  7  8  9 |
---------------+----------------------------+-----
Fighting       | 11 | 11.7
Invocations    | 1 2 3 5 6 |  6.3
Short Blades   | 1 2 5 |  5.7
Long Blades    | 1 2 5 |  5.7
Axes           | 1 2 5 |  5.7
Maces & Flails | 1 2 5 |  5.7
Polearms       | 1 2 5 |  5.7
Staves         | 1 2 5 |  5.7
Slings         | 1 2 5 |  5.7
Throwing       | 1 2 5 |  5.7
Armour         | 1 2 5 |  5.7
Dodging        | 1 2 5 |  5.7
Stealth        | 1 2 5 |  5.7
Unarmed Combat | 1 2 5 |  5.7
Spellcasting   | 1 2 5 |  5.7
Conjurations   | 1 2 4 |  4.7
Hexes          | 1 2 4 |  4.7
Charms         | 1 2 4 |  4.7
Summonings     | 1 2 4 |  4.7
Necromancy     | 1 2 4 |  4.7
Translocations | 1 2 4 |  4.7
Transmutations | 1 2 4 |  4.7
Fire Magic     | 1 2 4 |  4.7
Ice Magic      | 1 2 4 |  4.7
Air Magic      | 1 2 4 |  4.7
Earth Magic    | 1 2 4 |  4.7
Poison Magic   | 1 2 4 |  4.7
Bows           | 3 6 |  6.3
Shields        | 3 6 |  6.3
Evocations     | 3 6 |  6.3
Crossbows      | 5 7 |  7.4

Action                   |  1- 3 |  4- 6 |  7- 9 | 10-12 || total
-------------------------+-------+-------+-------+-------++-------
Melee: Falchion          |       |    43 |       |       ||    43
       Bite              |       |     4 |    12 |       ||    16
       Rapier            |       |     2 |    10 |       ||    12
       Dagger            |       |       |   109 |       ||   109
       Punch             |       |       |     1 |       ||     1
       Whip              |       |       |       |     3 ||     3
 Fire: Hand crossbow     |    67 |   108 |   164 |    36 ||   375
       Hunting sling     |       |       |   158 |       ||   158
Throw: Stone             |       |       |    41 |       ||    41
 Cast: Ensorcelled Hiber |       |       |     3 |       ||     3
  Use: Scroll            |     2 |     6 |     8 |     1 ||    17
       Potion            |       |     3 |    14 |       ||    17
  Eat: Chunk             |       |     4 |       |       ||     4
       Ration            |       |       |     4 |       ||     4
Armor: Robe              |     7 |       |       |       ||     7
       Ring mail         |     7 |    44 |    43 |       ||    94
       Chain mail        |       |       |   154 |     6 ||   160
Dodge: Dodged            |    14 |    66 |   170 |     3 ||   253
       Rpst.: Falchion   |       |     9 |       |       ||     9

Table legend:
 A = Non-vault XP
 B = Vault XP
 C = Vault XP percentage of total XP
 D = Non-vault monster count
 E = Vault monster count
 F = Vault count percentage of total count
                 A         B        C        D         E       F
            +---------+---------+-------+---------+---------+-------
      Total |    2134 |    1500 |  41.3 |     133 |      36 |  21.3
            +---------+---------+-------+---------+---------+-------
        D:1 |      41 |       0 |   0.0 |      24 |       0 |   0.0
        D:2 |     208 |       0 |   0.0 |      41 |       0 |   0.0
        D:3 |      77 |      37 |  32.5 |      15 |       1 |   6.2
        D:4 |     438 |     197 |  31.0 |      19 |       1 |   5.0
        D:5 |     457 |      36 |   7.3 |       8 |       1 |  11.1
        D:6 |     404 |    1074 |  72.7 |      13 |      17 |  56.7
        D:7 |     509 |       0 |   0.0 |      13 |       0 |   0.0
    Ossuary |       0 |     156 | 100.0 |       0 |      16 | 100.0
            +---------+---------+-------+---------+---------+-------
